Map: Terraform LE (Void)

Players

wabbajack - Winner!

  • Race: Zerg Zerg
  • League: Gold

PUBAle

  • Race: Protoss Protoss
  • League: Grandmaster

VOD

Have the link to the VOD?

Description

Time

  • Played on: July 18, 2015, 3:31 p.m.
  • Length: 8:10
Show
View Real Time Build Order
Export as new Build Order

wabbajack Zerg - Winner!

Build Orders: Pool First 

Get SALT Encoding   

  12  0:01  Drone  
  13  0:08  Extractor  
  12  0:26  Spawning Pool  
  11  0:30  Drone  
  11  0:34  Drone  
  13  0:40  Drone  
  14  0:50  Overlord  
  14  1:13  Queen  
  14  1:17  Drone  
  14  1:18  Drone  
  18  1:23  Drone  
  19  1:27  Metabolic Boost  
  19  1:36  Overlord  
  19  1:49  Drone  
  20  2:09  Zergling x4  
  22  2:17  Hatchery  
  21  2:26  Drone x2  
  21  2:28  Zergling x4  
  25  2:30  Overlord  
  25  2:38  Pneumatized Carapace  
  25  2:49  Baneling Nest  
  24  3:02  Zergling x4  
  26  3:11  Overlord  
  26  3:21  Queen  
  26  3:32  Spine Crawler  
  25  3:41  Baneling x2  
  25  3:43  Spine Crawler, Baneling  
  25  3:44  Baneling  
  25  3:48  Baneling  
  21  3:53  Baneling  
  14  5:01  Zergling x6  
  14  5:02  Zergling x6  
  19  5:10  Drone x8  
  19  5:12  Spine Crawler  
  25  5:41  Baneling x2  
  25  5:42  Baneling x2  
  25  5:51  Drone  
  25  5:52  Drone x5  
  27  6:49  Lair  
  27  6:50  Drone  
  27  6:51  Drone x8  
  34  7:07  Hatchery  
Show
View Real Time Build Order
Export as new Build Order

PUBAle Protoss 

Build Orders:  

Get SALT Encoding   

  12  0:03  Probe  
  13  0:25  Pylon  
  13  0:26  Probe  
  14  0:43  Probe (Chrono Boost)  
  14  0:46  Gateway  
  14  0:48  Gateway  
  15  0:55  Probe (Chrono Boost)  
  16  1:04  Probe (Chrono Boost)  
  17  1:13  Probe (Chrono Boost), Assimilator  
  18  1:23  Probe (Chrono Boost)  
  19  1:35  Pylon  
  19  1:36  Cybernetics Core  
  19  1:42  Probe (Chrono Boost)  
  20  1:50  Assimilator  
  20  1:52  Probe (Chrono Boost)  
  21  1:59  Probe  
  22  2:11  Probe  
  22  2:12  Adept  
  22  2:13  Adept  
  27  2:16  Warp Gate (Chrono Boost)  
  27  2:23  Probe  
  28  2:32  Nexus  
  27  2:55  Forge  
  29  2:58  Mothership Core  
  29  4:02  Probe (Chrono Boost)  
  30  4:05  Stargate  
  30  4:09  Photon Cannon  
  30  4:12  Probe (Chrono Boost)  
  31  4:19  Probe  
  23  4:40  Stalker  
  15  5:02  Probe  
  16  5:14  Probe  
  17  5:27  Sentry  
  15  5:35  Probe (Chrono Boost)  
  16  5:45  Probe (Chrono Boost)  
  17  5:52  Pylon  
  17  5:53  Probe  
  17  5:55  Pylon  
  18  5:57  Probe  
  18  6:01  Stalker  
  21  6:05  Probe (Chrono Boost)  
  21  6:10  Probe (Chrono Boost), Nexus  
  23  6:17  Probe (Chrono Boost)  
  24  6:21  Probe (Chrono Boost)  
  24  6:26  Probe (Chrono Boost)  
  24  6:28  Probe (Chrono Boost)  
  19  6:34  Probe  
  19  6:38  Probe  
  18  6:46  Probe, Zealot x2  
  19  6:50  Probe  
Tags
 
Add a new tag
Caveats
  • Supply blocks, unpowered buildings, or Contaminate may cause inaccurate times.
  • Supply counts are checked every 10 seconds.